 Dungeon Crawl Stone Soup version 0.28.0-49-g6dfe1f597d (webtiles) character file.

Game seed: 1923378383487269557

104 Gabide the Grave Robber (level 4, -2/35 HPs)
             Began as a Mummy Necromancer on May 20, 2022.
             Slain by Natasha (9 damage)
             ... on level 2 of the Dungeon.
             The game lasted 00:04:11 (2580 turns).

Gabide the Grave Robber (Mummy Necromancer)         Turns: 2580, Time: 00:04:13

Health: -2/35      AC:  2    Str: 11    XL:     4   Next: 52%
Magic:  1/8        EV: 12    Int: 16    God:
Gold:   66         SH:  0    Dex: 12    Spells: 4/8 levels left

rFire   . . .      SeeInvis +   l - +1 dagger (speed)
rCold   . . .      Faith    .   (no shield)
rNeg    + + +      Spirit   .   a - +0 robe
rPois   ∞          Reflect  .   (no helmet)
rElec   .          Harm     .   (no cloak)
rCorr   .          Rampage  .   (no gloves)
Will    .....                   (no boots)
Stlth   ++........              (no amulet)
HPRegen 0.11/turn               g - ring of see invisible
MPRegen 0.11/turn               j - ring of fire

@: no status effects
A: cold resistance 1, negative energy resistance 3, torment resistance 2, heat
vulnerability 1, no potions
a: no special abilities


You were on level 2 of the Dungeon.
You visited 1 branch of the dungeon, and saw 2 of its levels.

You collected 66 gold pieces.

Inventory:

Hand Weapons
 b - a +0 club
 i - a +0 long sword
 l - a +1 dagger of speed (weapon)
Armour
 a - a +0 robe (worn)
Jewellery
 g - a ring of see invisible (left hand)
 j - a ring of fire (right hand)
Scrolls
 c - a scroll of fog {unknown}
 d - 2 scrolls of identify {unknown}
 e - a scroll of teleportation
 f - a scroll of noise {unknown}
 h - a scroll of vulnerability {unknown}
 k - a scroll of amnesia {unknown}


   Skills:
 - Level 3.0 Fighting
 + Level 2.9 Dodging
 - Level 1.5 Stealth
 - Level 2.6 Spellcasting
 - Level 4.0 Necromancy


You had 4 spell levels left.
You knew the following spells:

 Your Spells              Type           Power      Damage    Failure   Level
a - Pain                  Necr           56%        1d6       3%          1
b - Vampiric Draining     Necr           14%        2d7       11%         3

Your spell library contained the following spells:

 Spells                   Type           Power      Damage    Failure   Level
 Animate Skeleton         Necr           28%        N/A       3%          1
 Animate Dead             Necr           7%         N/A       36%         4
 Agony                    Necr           14%        N/A       71%         5


Dungeon Overview and Level Annotations

Branches:
Dungeon (2/15)

Altars:

Shops:
D:1 =

Annotations:
D:2 Natasha


Innate Abilities, Weirdness & Mutations

You are immune to poison.
Your flesh is cold resistant. (rC+)
You are immune to negative energy. (rN+++)
You are immune to unholy pain and torment.
You are vulnerable to heat. (rF-)
You do not drink.


Message History

The worm writhes in agony.
The worm writhes in agony.
The worm writhes in agony.
The worm writhes in agony.
The worm writhes in agony.
You kill the worm!
You can't see any susceptible monsters within range! (Use Z to cast anyway.)
You see here 15 stones.
Natasha, Servant of Life and Death comes into view.
Natasha is nearby!
You can't see any susceptible monsters within range! (Use Z to cast anyway.) Natasha writhes in agony.
Natasha writhes in agony.
Natasha writhes in agony.
Natasha struggles to resist.
Natasha claws you!
Natasha struggles to resist.
Natasha claws you!
Natasha writhes in agony.
Natasha casts a spell.
Natasha writhes in agony.
Natasha barely misses you.
Natasha struggles to resist.
Natasha claws you.
You hit Natasha.
Natasha is almost dead.
Natasha mumbles some strange words.
The iron imp closely misses you.
You hit Natasha but do no damage.
Natasha is almost dead.
Natasha completely misses you.
You closely miss Natasha.
Natasha is almost dead.
The crimson imp barely misses you. The iron imp closely misses you.
You hit Natasha but do no damage.
Natasha is almost dead.
Natasha barely misses you. The crimson imp hits you.
You barely miss Natasha.
Natasha is almost dead.
The iron imp shouts, "Scamper away, thou mammering ill-nurtured deado!"
The iron imp hits you.
* * * LOW HITPOINT WARNING * * *
Natasha claws you!
You die...

#.. ♣.♣ #.# #.# ♣♣♣ ########.#
♣.♣#♣P. #........# #.#....
#........##♣.♣.♣♣♣
#..............♣♣♣
################........#.♣.♣....
.................................
#######..#####..@5...............
.# ##.....#...#5h...............
.####..###<..###.................
...##(........##.................
##.......####.......#...........>
.................................
..#.#....####..................#.
....#....## #.♣♣♣........P.P#####
#####.....# #..............P#


You could see an iron imp (summoned), Natasha and a crimson imp (summoned).

Vanquished Creatures
  Natasha (twice) (D:2)
  An adder (D:2)
  A worm (D:2)
  A dart slug (D:1)
  3 endoplasms
  A giant cockroach (D:1)
  6 goblins
  4 hobgoblins (D:1)
  3 jackals
  3 quokkas
  4 ball pythons
  2 bats (D:1)
  4 kobolds
  3 rats (D:1)
38 creatures vanquished.

Vanquished Creatures (others)
  A plant (D:2)
1 creature vanquished.

Grand Total: 39 creatures vanquished

Notes
Turn   | Place    | Note
-------+----------+-------------------------------------------
     0 | D:1      | Gabide the Mummy Necromancer began the quest for the Orb.
     0 | D:1      | Reached XP level 1. HP: 13/13 MP: 4/4
    62 | D:1      | Reached skill level 1 in Fighting
   215 | D:1      | Reached XP level 2. HP: 22/22 MP: 0/5
   491 | D:1      | Found Ytashruek's Jewellery Boutique.
   914 | D:1      | Found a faded altar of an unknown god.
  1475 | D:1      | Reached XP level 3. HP: 24/28 MP: 0/7
  1652 | D:2      | Learned a level 3 spell: Vampiric Draining
  1689 | D:2      | Noticed Natasha
  1699 | D:2      | Killed Natasha
  1867 | D:2      | Noticed Natasha
  1882 | D:2      | Killed Natasha
  1883 | D:2      | Reached XP level 4. HP: 14/35 MP: 0/8
  2566 | D:2      | Noticed Natasha
  2580 | D:2      | Slain by Natasha

Illustrated notes

Levels and vault maps discovered:
D:1:      lightli_arrival_lavapool, layout_basic,
          hellmonk_ecumenical_altar_heavens_door, serial_shops,
          nicolae_shop_stone, st_stairs_13
D:2:      layout_rooms, serial_forest, infiniplex_forest_straight_4,
          infiniplex_forest_straight_2, infiniplex_forest_lined_3,
          infiniplex_forest_straight_1, infiniplex_forest_corner_1,
          infiniplex_forest_straight_4, infiniplex_forest_clump_tiny,
          infiniplex_forest_clump_C, infiniplex_forest_clump_diagonal,
          infiniplex_forest_lined_room_, minmay_hedge_maze, uniq_natasha

Skill      XL: |  1  2  3 |
---------------+----------+-----
Fighting       | 1 2 3 |  3.0
Dodging        | 2 |  2.9
Stealth        | |  1.5
Spellcasting   | |  2.6
Necromancy     | |  4.0

Action                   |  1- 3 |  4- 6 || total
-------------------------+-------+-------++-------
Melee: Club              |    20 |       ||    20
       Long sword        |     9 |     1 ||    10
       Dagger            |       |     5 ||     5
 Cast: Pain              |    64 |    33 ||    97
  Use: Scroll            |     1 |       ||     1
Armor: Robe              |     8 |       ||     8
Dodge: Dodged            |    34 |     9 ||    43
